TOP OF THE 1ST |
Pocatello Boccabellas batting - Pitching for Madison Bombers : LHP Bill Moore
|
Pitching: LHP Bill Moore
|
|
Batting: RHB José García
|
0-0: Ball 1-0: Called Strike 1-1: Ball 2-1: Foul Ball, location: 2F 2-2: DOUBLE (Groundball, 5L)
|
Batting: LHB Norberto Muñóz
|
0-0: Ball 1-0: Called Strike 1-1: Ball 2-1: SINGLE (Line Drive, 4MD) José García to third
|
Batting: RHB Marlon Phipps
|
0-0: Swinging Strike 0-1: Foul Ball, location: 2F 0-2: 3-RUN HOME RUN (Flyball, 7D), Distance : 361 ft
|
Batting: LHB Juan Cortés
|
0-0: Ball 1-0: Ball 2-0: Ground out 3-1 (Groundball, 34S)
|
Batting: RHB Pedro Guzmán
|
0-0: Ball 1-0: Ball 2-0: Called Strike 2-1: Ball 3-1: Ground out U3 (Groundball, 3S)
|
Batting: RHB José Delgado
|
0-0: Swinging Strike 0-1: Ball 1-1: Ball 2-1: Fly out, F4 (Popup, 4MD)
|
Top of the 1st over - 3 run(s), 3 hit(s), 0 error(s), 0 left on base; Pocatello 3 - Madison 0 |
BOTTOM OF THE 1ST |
Madison Bombers batting - Pitching for Pocatello Boccabellas : LHP Martin Lowry
|
Pitching: LHP Martin Lowry
|
|
Batting: LHB Robin Hill
|
0-0: Ball 1-0: Ground out 1-3 (Groundball, 25)
|
Batting: LHB Sixto Cantú
|
0-0: Ball 1-0: SINGLE (Line Drive, 6M)
|
Batting: LHB Seung-chun Mun
|
0-0: Foul Ball, location: 2F 0-1: Reached on error, E1 (Groundball, 13) Sixto Cantú to second
|
Batting: RHB Vicente Aguirre
|
0-0: Ball 1-0: Foul Ball, location: 2F 1-1: Ball 2-1: Foul Ball, location: 2F 2-2: Ball 3-2: Foul Ball, location: 2F 3-2: Strikes out swinging
|
Batting: LHB Mike Callahan
|
0-0: Called Strike 0-1: Ground out U3 (Groundball, 3S)
|
Bottom of the 1st over - 0 run(s), 1 hit(s), 1 error(s), 2 left on base; Pocatello 3 - Madison 0 |
TOP OF THE 2ND |
Pocatello Boccabellas batting - Pitching for Madison Bombers : LHP Bill Moore
|
Batting: SHB Guillermo Ortíz
|
0-0: Fly out, F9 (Flyball, 9D)
|
Batting: RHB Fabrice Brodeur
|
0-0: Reaches on Catchers interference
|
Batting: RHB Chris Parker
|
0-0: Called Strike 0-1: Ball 1-1: SINGLE (Groundball, 34) Fabrice Brodeur to second Runner from 2nd tries for 3rd, SAFE, throw made to third
|
Batting: RHB José García
|
0-0: Called Strike Throwing error on steal attempt, E2 Fabrice Brodeur scores Chris Parker to third 0-1: Foul Ball, location: 2F 0-2: Ball 1-2: Ball 2-2: Foul Ball, location: 2F 2-2: Ball 3-2: Fly out, F6 (Popup, 56D)
|
Batting: LHB Norberto Muñóz
|
0-0: Swinging Strike 0-1: Ball 1-1: Foul Ball, location: 2F 1-2: Fly out, F8 (Flyball, 8LXD)
|
Top of the 2nd over - 1 run(s), 1 hit(s), 2 error(s), 1 left on base; Pocatello 4 - Madison 0 |
BOTTOM OF THE 2ND |
Madison Bombers batting - Pitching for Pocatello Boccabellas : LHP Martin Lowry
|
Batting: LHB José Santos
|
0-0: Ground out 5-3 (Groundball, 56S)
|
Batting: SHB Jorge Flores
|
0-0: Ball 1-0: Called Strike 1-1: Foul Ball, location: 2F 1-2: Ball 2-2: Ground out 4-3 (Groundball, 4)
|
Batting: RHB Guo-xiu Choi
|
0-0: Ball 1-0: Ball 2-0: Called Strike 2-1: Ground out 5-3 (Groundball, 5S)
|
Bottom of the 2nd over - 0 run(s), 0 hit(s), 0 error(s), 0 left on base; Pocatello 4 - Madison 0 |
TOP OF THE 3RD |
Pocatello Boccabellas batting - Pitching for Madison Bombers : LHP Bill Moore
|
Batting: RHB Marlon Phipps
|
0-0: Ball 1-0: Fly out, F8 (Flyball, 8LD)
|
Batting: LHB Juan Cortés
|
0-0: Foul Ball, location: 2F 0-1: Ball 1-1: Foul Ball, location: 2F 1-2: Foul Ball, location: 2F 1-2: Strikes out swinging
|
Batting: RHB Pedro Guzmán
|
0-0: Foul Ball, location: 2F 0-1: Ball 1-1: Swinging Strike 1-2: Foul Ball, location: 2F 1-2: Ball 2-2: Strikes out looking
|
Top of the 3rd over - 0 run(s), 0 hit(s), 0 error(s), 0 left on base; Pocatello 4 - Madison 0 |
BOTTOM OF THE 3RD |
Madison Bombers batting - Pitching for Pocatello Boccabellas : LHP Martin Lowry
|
Batting: RHB Emílio Carrillo
|
0-0: Ball 1-0: Swinging Strike 1-1: Ground out 6-3 (Groundball, 56)
|
Batting: LHB Robin Hill
|
0-0: Called Strike 0-1: DOUBLE (Flyball, 78M)
|
Batting: LHB Sixto Cantú
|
0-0: Ball 1-0: Fly out, F7 (Flyball, 7M)
|
Batting: LHB Seung-chun Mun
|
0-0: Ball 1-0: Ball 2-0: Swinging Strike 2-1: Foul Ball, location: 2F 2-2: Ball 3-2: Foul Ball, location: 2F 3-2: SINGLE (Groundball, 34) Robin Hill to third Robin Hill scores
|
Batting: RHB Vicente Aguirre
|
0-0: Fielders Choice at 2nd, U6 (Groundball, 6M)
|
Bottom of the 3rd over - 1 run(s), 2 hit(s), 0 error(s), 1 left on base; Pocatello 4 - Madison 1 |
TOP OF THE 4TH |
Pocatello Boccabellas batting - Pitching for Madison Bombers : LHP Bill Moore
|
Batting: RHB José Delgado
|
0-0: Ball 1-0: Called Strike 1-1: Swinging Strike 1-2: Foul Ball, location: 2F 1-2: Fly out, F8 (Flyball, 8LXD)
|
Batting: SHB Guillermo Ortíz
|
0-0: Called Strike 0-1: Ball 1-1: Foul Ball, location: 2F 1-2: Fly out, F7 (Flyball, 78M)
|
Batting: RHB Fabrice Brodeur
|
0-0: Called Strike 0-1: Foul Ball, location: 2F 0-2: Ball 1-2: Strikes out looking
|
Top of the 4th over - 0 run(s), 0 hit(s), 0 error(s), 0 left on base; Pocatello 4 - Madison 1 |
BOTTOM OF THE 4TH |
Madison Bombers batting - Pitching for Pocatello Boccabellas : LHP Martin Lowry
|
Batting: LHB Mike Callahan
|
0-0: Called Strike 0-1: Called Strike 0-2: Ball 1-2: Ball 2-2: Strikes out looking
|
Batting: LHB José Santos
|
0-0: Fly out, F7 (Flyball, 7LM)
|
Batting: SHB Jorge Flores
|
0-0: Ball 1-0: Ball 2-0: Ball 3-0: Called Strike 3-1: Called Strike 3-2: Base on Balls
|
Batting: RHB Guo-xiu Choi
|
0-0: Ground out 5-3 (Groundball, 5L)
|
Bottom of the 4th over - 0 run(s), 0 hit(s), 0 error(s), 1 left on base; Pocatello 4 - Madison 1 |
TOP OF THE 5TH |
Pocatello Boccabellas batting - Pitching for Madison Bombers : LHP Bill Moore
|
Batting: RHB Chris Parker
|
0-0: Fly out, F9 (Flyball, 89M)
|
Batting: RHB José García
|
0-0: Called Strike 0-1: Foul Ball, location: 2F 0-2: Fly out, F8 (Flyball, 8RM)
|
Batting: LHB Norberto Muñóz
|
0-0: Ball 1-0: Ball 2-0: Bunted foul 2-1: Foul Ball, location: 2F 2-2: Ball 3-2: Foul Ball, location: 2F 3-2: Foul Ball, location: 2F 3-2: Ground out 6-3 (Groundball, 6S)
|
Top of the 5th over - 0 run(s), 0 hit(s), 0 error(s), 0 left on base; Pocatello 4 - Madison 1 |
BOTTOM OF THE 5TH |
Madison Bombers batting - Pitching for Pocatello Boccabellas : LHP Martin Lowry
|
Batting: RHB Emílio Carrillo
|
0-0: Ball 1-0: Ball 2-0: Called Strike 2-1: Called Strike 2-2: Foul Ball, location: 2F 2-2: SINGLE (Line Drive, 9S)
|
Batting: LHB Robin Hill
|
0-0: Ball 1-0: Ball 2-0: Fielders Choice at 2nd, 4-6 (Groundball, 4)
|
Batting: LHB Sixto Cantú
|
0-0: Called Strike 0-1: Ball 1-1: Ball 2-1: Ball 3-1: Base on Balls Robin Hill to second
|
Batting: LHB Seung-chun Mun
|
0-0: Ball 1-0: Fly out, F8 (Line Drive, 8RS)
|
Batting: RHB Vicente Aguirre
|
0-0: SINGLE (Line Drive, 4MD) Robin Hill to third Sixto Cantú to second Runner from 3rd tries for Home, SAFE, throw made at trailing runner, OUT at third!
|
Bottom of the 5th over - 1 run(s), 2 hit(s), 0 error(s), 1 left on base; Pocatello 4 - Madison 2 |
TOP OF THE 6TH |
Pocatello Boccabellas batting - Pitching for Madison Bombers : LHP Bill Moore
|
Batting: RHB Marlon Phipps
|
0-0: Ground out 4-3 (Groundball, 4)
|
Batting: LHB Juan Cortés
|
0-0: Ball 1-0: Called Strike 1-1: Ball 2-1: Fly out, F8 (Flyball, 8LXD)
|
Batting: RHB Pedro Guzmán
|
0-0: Ball 1-0: Ball 2-0: DOUBLE (Flyball, 78XD)
|
Batting: RHB José Delgado
|
0-0: Fly out, F3 (Popup, 23F)
|
Top of the 6th over - 0 run(s), 1 hit(s), 0 error(s), 1 left on base; Pocatello 4 - Madison 2 |
BOTTOM OF THE 6TH |
Madison Bombers batting - Pitching for Pocatello Boccabellas : LHP Martin Lowry
|
Batting: LHB Mike Callahan
|
0-0: Ball 1-0: Ball 2-0: Called Strike 2-1: Swinging Strike 2-2: Foul Ball, location: 2F 2-2: Foul Ball, location: 2F 2-2: Fly out, F6 (Popup, 7LSF)
|
Batting: LHB José Santos
|
0-0: Ball 1-0: Ball 2-0: Swinging Strike 2-1: Ball 3-1: Ground out 4-3 (Groundball, 34)
|
Batting: SHB Jorge Flores
|
0-0: Ball 1-0: Ball 2-0: Called Strike 2-1: Swinging Strike 2-2: Strikes out swinging
|
Bottom of the 6th over - 0 run(s), 0 hit(s), 0 error(s), 0 left on base; Pocatello 4 - Madison 2 |
TOP OF THE 7TH |
Pocatello Boccabellas batting - Pitching for Madison Bombers : LHP Bill Moore
|
Batting: SHB Guillermo Ortíz
|
0-0: Ball 1-0: Ball 2-0: Reached on error, E5 (Groundball, 56)
|
Batting: RHB Fabrice Brodeur
|
0-0: Called Strike 0-1: Sac Bunt - play at first, batter OUT! 6-4 Guillermo Ortíz to second
|
Batting: RHB Chris Parker
|
0-0: Ball 1-0: Ball 2-0: Ball 3-0: Foul Ball, location: 2F 3-1: Called Strike 3-2: Strikes out swinging
|
Batting: RHB José García
|
0-0: Called Strike 0-1: Ball 1-1: Ball 2-1: Foul Ball, location: 2F 2-2: Fly out, F8 (Flyball, 8RM)
|
Top of the 7th over - 0 run(s), 0 hit(s), 1 error(s), 1 left on base; Pocatello 4 - Madison 2 |
BOTTOM OF THE 7TH |
Madison Bombers batting - Pitching for Pocatello Boccabellas : LHP Martin Lowry
|
Batting: RHB Guo-xiu Choi
|
0-0: Foul Ball, location: 2F 0-1: SINGLE (Groundball, 34D)
|
Batting: RHB Emílio Carrillo
|
0-0: Called Strike 0-1: Ball 1-1: Ball 2-1: Swinging Strike 2-2: Ground out 4-3 (Groundball, 4M) Guo-xiu Choi to second
|
Batting: LHB Robin Hill
|
0-0: Ball 1-0: Ball 2-0: Ball 3-0: Called Strike 3-1: SINGLE (Flyball, 9LS) Guo-xiu Choi to third Runner from 3rd tries for Home, SAFE, no throw or cutoff
|
Pitching: RHP Jaime Espinoza
|
|
Batting: LHB Sixto Cantú
|
0-0: Called Strike 0-1: Called Strike 0-2: Strikes out looking
|
Batting: LHB Seung-chun Mun
|
0-0: Ball 1-0: Ball 2-0: Called Strike 2-1: Foul Ball, location: 2F 2-2: Foul Ball, location: 2F 2-2: Foul Ball, location: 2F 2-2: Ball Robin Hill steals 2nd base 3-2: Strikes out looking
|
Bottom of the 7th over - 1 run(s), 2 hit(s), 0 error(s), 1 left on base; Pocatello 4 - Madison 3 |
TOP OF THE 8TH |
Pocatello Boccabellas batting - Pitching for Madison Bombers : LHP Bill Moore
|
Pitching: RHP Arturo Leal
|
|
Batting: LHB Norberto Muñóz
|
0-0: Called Strike 0-1: Ground out 2-3 (Groundball, 2R)
|
Batting: RHB Marlon Phipps
|
0-0: Ball 1-0: Called Strike 1-1: Ball 2-1: Foul Ball, location: 2F 2-2: Fly out, F5 (Popup, 15S)
|
Batting: LHB Juan Cortés
|
0-0: Foul Ball, location: 2F 0-1: Called Strike 0-2: Fly out, F7 (Popup, 5D)
|
Top of the 8th over - 0 run(s), 0 hit(s), 0 error(s), 0 left on base; Pocatello 4 - Madison 3 |
BOTTOM OF THE 8TH |
Madison Bombers batting - Pitching for Pocatello Boccabellas : RHP Jaime Espinoza
|
Batting: RHB Vicente Aguirre
|
0-0: Called Strike 0-1: Ball 1-1: Called Strike 1-2: Foul Ball, location: 2F 1-2: Ball 2-2: Strikes out swinging
|
Pitching: RHP César Martínez
|
|
Batting: LHB Mike Callahan
|
0-0: Ball 1-0: Ball 2-0: Ball 3-0: Foul Ball, location: 2F 3-1: Fly out, F7 (Popup, 5D)
|
Pitching: LHP Howard Bailey
|
|
Batting: LHB José Santos
|
0-0: SINGLE (Flyball, 8RS)
|
Pitching: RHP Jesse Moser
|
|
Pinch Hitting: RHB Sergio Márquez
|
0-0: Ball 1-0: Swinging Strike 1-1: Ball 2-1: Called Strike 2-2: Ball 3-2: Foul Ball, location: 2F 3-2: Strikes out swinging
|
Bottom of the 8th over - 0 run(s), 1 hit(s), 0 error(s), 1 left on base; Pocatello 4 - Madison 3 |
TOP OF THE 9TH |
Pocatello Boccabellas batting - Pitching for Madison Bombers : RHP Arturo Leal
|
Now at SS: Sergio Márquez
|
|
Batting: RHB Pedro Guzmán
|
0-0: Called Strike 0-1: Ball 1-1: Foul Ball, location: 2F 1-2: Foul Ball, location: 2F 1-2: Ball 2-2: Foul Ball, location: 2F 2-2: SINGLE (Flyball, 89S)
|
Batting: RHB José Delgado
|
0-0: Ball 1-0: Called Strike 1-1: Ball 2-1: Grounds into double play, 4-6-3 (Groundball, 4)
|
Batting: SHB Guillermo Ortíz
|
0-0: Ball 1-0: Ball 2-0: Swinging Strike 2-1: SOLO HOME RUN (Flyball, 9LD), Distance : 361 ft
|
Batting: RHB Fabrice Brodeur
|
0-0: Called Strike 0-1: Fly out, F6 (Popup, 4M)
|
Top of the 9th over - 1 run(s), 2 hit(s), 0 error(s), 0 left on base; Pocatello 5 - Madison 3 |
BOTTOM OF THE 9TH |
Madison Bombers batting - Pitching for Pocatello Boccabellas : RHP Jesse Moser
|
Pitching: RHP Adrián Martínez
|
|
Batting: RHB Guo-xiu Choi
|
0-0: Ball 1-0: Ball 2-0: Foul Ball, location: 2F 2-1: SINGLE (Groundball, 25) (infield hit)
|
Pinch Hitting: LHB Aroghetto Dionisotti
|
0-0: Ball 1-0: Ball 2-0: Grounds into double play, 6-4-3 (Groundball, 6M)
|
Batting: LHB Robin Hill
|
0-0: Ball 1-0: Ball 2-0: Called Strike 2-1: Swinging Strike 2-2: Foul Ball, location: 2F 2-2: Ground out 4-3 (Groundball, 4)
|
Bottom of the 9th over - 0 run(s), 1 hit(s), 0 error(s), 0 left on base; Pocatello 5 - Madison 3 |
|